AoeStats
← GoodLuck

Black Forest

506109022Analyzed
1v1 RM · 20d ago on Sep 12, 2026· 33m 58s· 2 players
Game mode
Random Map
Map size
Tiny (2 player)
Population
200
Speed
Normal
Resources
Standard
Victory
Conquest
Starting age
Dark Age
Ending age
Imperial Age
RankedLock teamsTeams togetherTeam positionsShared explorationLock speedFull tech treeHidden civsTurbo modeCheats
Victory
Defeat
🇹🇼 Hindustanis · Taiwan
1790
+23
🇫🇷 Celts · France
1942
-23
Mr.smeagoul
5:09 Loom
11:04 Feudal Age
16:03 Castle Age
15:08 Fletching
16:55 Bodkin Arrow
25:04 Town Watch
GoodLuck
0:39 Loom
11:32 Feudal Age
11:48 Man-at-Arms
12:15 Double-Bit Axe
13:20 Arson
20:34 Fletching
23:57 Castle Age
22:54 Scale Mail Armor
24:12 Horse Collar
24:16 Crossbowman
29:26 Bow Saw
Connection lost

Rejoining the realm…

Still unreachable

The connection could not be restored.

Session expired

The server has moved on; the page needs a fresh start.